 Dungeon Crawl Stone Soup version 0.29.0-4-gdea44cf6ec (webtiles) character file.

Game seed: 4217279658702237384

1304 qw the Grappler (level 8, -15/75 HPs)
             Began as a Troll Cinder Acolyte on Aug 31, 2022.
             Was an Elder of Ignis.
             Demolished by a two-headed ogre
             ... wielding a +0 giant club
              (16 damage)
             ... on level 5 of the Dungeon.
             The game lasted 00:02:15 (3869 turns).

qw the Grappler (Troll Cinder Acolyte)              Turns: 3869, Time: 00:02:16

Health: -15/75     AC: 11    Str: 25    XL:     8   Next: 31%
Magic:  0/8        EV:  9    Int: 10    God:    Ignis [****..]
Gold:   240        SH:  0    Dex:  5    Spells: 9/9 levels left

rFire   + . .      SeeInvis +     - Unarmed
rCold   . . .      Faith    .   (no shield)
rNeg    . . .      Spirit   +   a - +0 robe
rPois   .          Reflect  .   (helmet restricted)
rElec   .          Harm     .   (no cloak)
rCorr   .          Rampage  .   (gloves unavailable)
Will    .....                   (boots unavailable)
Stlth   +.........              k - amulet of guardian spirit
HPRegen 1.02/turn               o - ring of see invisible
MPRegen 0.11/turn               (no ring)

@: marked, fiery-armoured
A: large, unfitting armour, claws 3, regeneration 1, shaggy fur 1, tough skin 1
a: Renounce Religion, Fiery Armour, Foxfire Swarm, Rising Flame


You were on level 5 of the Dungeon.
You worshipped Ignis.
Ignis was greatly pleased with you.
You visited 1 branch of the dungeon, and saw 5 of its levels.

You collected 240 gold pieces.


Innate Abilities, Weirdness & Mutations

You are too large for most types of armour.
You have claws for hands.
Your natural rate of healing is unusually fast.
You are covered in fur. (AC +1)
You have tough skin. (AC +1)


   Skills:
 + Level 3.0 Fighting
 - Level 1.6 Throwing
 - Level 1.1 Dodging
 - Level 10.0 Unarmed Combat
 - Level 1.0 Spellcasting
 - Level 2.1 Fire Magic


You had 9 spell levels left.
You didn't know any spells.
Your spell library contained the following spells:

 Spells                   Type           Power      Damage    Failure   Level
 Scorch                   Fire           8%         2d5       22%         2

Inventory:

Missiles
 c - 3 boomerangs (quivered)
Armour
 a - a +0 robe (worn)
Jewellery
 k - an amulet of guardian spirit (around neck)
 o - a ring of see invisible (left claw)
Scrolls
 b - 2 scrolls of enchant armour
 Y - a scroll of identify
Potions
 d - a potion of curing
 e - a potion of lignification {unknown}
 f - a potion of resistance {unknown}
 g - a potion of mutation {unknown}
 h - a potion of haste {unknown}
 i - a potion of heal wounds {unknown}
 l - a potion of cancellation {unknown}
 p - a potion of flight {unknown}

Dungeon Overview and Level Annotations

Branches:
Dungeon (5/15)
 Temple: D:4-7

Altars:
Elyvilon

Annotations:
D:5 1 runed translucent door, qw's ghost, novice TeWr


Message History

Your Throwing skill increases to level 1!
Throw: 3 boomerangs
Press: ? - help, Q - select action Shift-Dir - straight line, f - ufetubus You throw a boomerang.
The boomerang hits the ufetubus.
The ufetubus is heavily wounded.
A white imp comes into view.
The ufetubus closely misses you. x2
You mangle the ufetubus!!
You kill the ufetubus!
An ufetubus comes into view.
The white imp grinds its teeth.
A scorpion comes into view.
You closely miss the two-headed ogre.
The two-headed ogre hits you with a +0 giant club!!
The two-headed ogre is burned by your cloak of flames.
The two-headed ogre is lightly wounded.
The two-headed ogre barely misses you.
You mangle the two-headed ogre!!
The two-headed ogre is moderately wounded.
You barely miss the two-headed ogre.
The two-headed ogre is moderately wounded.
The white imp gestures at you. The puff of frost hits you.
A gnoll comes into view. It is wielding a +0 whip.
The two-headed ogre hits you with a +0 giant club!!
The two-headed ogre is burned by your cloak of flames.
The two-headed ogre is heavily wounded.
The two-headed ogre hits you with a +0 giant club!!
The two-headed ogre is burned by your cloak of flames.
The two-headed ogre is heavily wounded.
You mangle the two-headed ogre!!
The two-headed ogre is almost dead.
You scratch the two-headed ogre but do no damage.
The two-headed ogre is almost dead.
An adder comes into view.
The two-headed ogre hits you with a +0 giant club!!
The two-headed ogre is burned by your cloak of flames.
The two-headed ogre is almost dead.
The two-headed ogre hits you with a +0 giant club!
You die...

..?... ......
.....# #....#
.)..# ##s..#
##.O.# #.@.#
##..## #..# ##5.##
##...# ##5.##
##...# ##...#
##...# ###g..##
##....# # ##.....#
##....# ..
###.S.))##
###.....# ##...
#.......#
###.......###.....


You could see a two-headed ogre, a scorpion, a gnoll, an adder, a white imp and
an ufetubus.

Vanquished Creatures
  Pikel (D:4)
  Sigmund (D:3)
  2 lemures (D:4)
  3 scorpions
  3 orc priests
  An iguana (D:4)
  Ijyb (D:4)
  4 orc wizards
  Robin (D:3)
  12 adders
  An ufetubus (D:5)
  5 worms
  2 dart slugs
  16 orcs
  4 endoplasms
  7 giant cockroaches
  15 goblins
  13 hobgoblins
  2 jackals (D:1)
  6 kobolds
  A quokka (D:3)
  8 ball pythons
  4 bats
  7 frilled lizards
  7 rats
127 creatures vanquished.

Notes
Turn   | Place    | Note
-------+----------+-------------------------------------------
     0 | D:1      | qw the Troll Cinder Acolyte began the quest for the Orb.
     0 | D:1      | Reached XP level 1. HP: 22/22 MP: 1/1
     0 | D:1      | 0 ||| qw: Version: 0.1-a-97-g2dd2ca4
     0 | D:1      | 0 ||| qw: Game counter: 4491
     0 | D:1      | 0 ||| qw: Always use a shield: true
     0 | D:1      | 0 ||| qw: God list: Okawaru
     0 | D:1      | 0 ||| qw: Allow faded altars: false
     0 | D:1      | 0 ||| qw: Do Orc after D:15 true
     0 | D:1      | 0 ||| qw: Do second Lair branch before Depths: true
     0 | D:1      | 0 ||| qw: Lair rune preference: random
     0 | D:1      | 0 ||| qw: Plans: Normal
     0 | D:1      | 0 ||| PLANNING D:1-11
   218 | D:1      | Reached XP level 2. HP: 29/29 MP: 2/2
   283 | D:1      | 283 ||| Stepping ~*~*~tactically~*~*~ (hiding).
   658 | D:1      | Reached skill level 4 in Unarmed Combat
   669 | D:1      | 669 ||| Stepping ~*~*~tactically~*~*~ (stealth).
  1062 | D:1      | 1062 ||| READING scroll labelled YLESHRU DIESUM.
  1063 | D:1      | 1063 ||| READING scroll labelled TECOAH LARCHOWN.
  1064 | D:1      | 1064 ||| READING scroll labelled DIOKHE UMOIKARO.
  1065 | D:1      | 1065 ||| READING 3 scrolls labelled CEEPNIH ITRU.
  1114 | D:2      | Reached XP level 3. HP: 36/36 MP: 3/3
  1600 | D:2      | Noticed a scorpion
  1607 | D:2      | Killed a scorpion
  1608 | D:2      | Reached skill level 5 in Unarmed Combat
  1608 | D:2      | Reached XP level 4. HP: 27/44 MP: 4/4
  1635 | D:2      | 1635 ||| Stepping ~*~*~tactically~*~*~ (stealth).
  1790 | D:2      | 1790 ||| Stepping ~*~*~tactically~*~*~ (stealth).
  1793 | D:2      | 1793 ||| INVOKING Fiery Armour.
  1795 | D:2      | 1795 ||| Stepping ~*~*~tactically~*~*~ (outnumbered).
  1798 | D:2      | Reached XP level 5. HP: 50/50 MP: 5/5
  1948 | D:2      | Found a faded altar of an unknown god.
  2101 | D:2      | 2101 ||| Stepping ~*~*~tactically~*~*~ (stealth).
  2107 | D:2      | 2107 ||| UPGRADING to amulet of guardian spirit.
  2154 | D:2      | 2154 ||| READING scroll labelled AZUPNE CEQY.
  2255 | D:2      | 2255 ||| READING scroll labelled KESIFU XITI.
  2256 | D:2      | 2256 ||| READING 2 scrolls labelled CEASOU TUERCH.
  2257 | D:2      | 2257 ||| READING scroll labelled FOGRECR XAUKH.
  2260 | D:2      | 2260 ||| READING 2 scrolls labelled CAS HUNIMPUOX.
  2261 | D:2      | 2261 ||| DRINKING 2 brown potions.
  2262 | D:2      | 2262 ||| DROPPING scroll of fear.
  2263 | D:2      | 2263 ||| DROPPING scroll of noise.
  2291 | D:3      | 2291 ||| Stepping ~*~*~tactically~*~*~ (stealth).
  2308 | D:3      | Noticed Robin
  2310 | D:3      | Reached skill level 6 in Unarmed Combat
  2311 | D:3      | 2311 ||| INVOKING Fiery Armour.
  2312 | D:3      | 2312 ||| Stepping ~*~*~tactically~*~*~ (stealth).
  2314 | D:3      | 2314 ||| Stepping ~*~*~tactically~*~*~ (outnumbered).
  2317 | D:3      | 2317 ||| Stepping ~*~*~tactically~*~*~ (outnumbered).
  2321 | D:3      | 2321 ||| Stepping ~*~*~tactically~*~*~ (outnumbered).
  2322 | D:3      | 2322 ||| Stepping ~*~*~tactically~*~*~ (outnumbered).
  2325 | D:3      | Killed Robin
  2367 | D:3      | Noticed Sigmund
  2377 | D:3      | Killed Sigmund
  2378 | D:3      | Reached skill level 7 in Unarmed Combat
  2378 | D:3      | Reached XP level 6. HP: 47/59 MP: 2/6
  2500 | D:3      | 2500 ||| Stepping ~*~*~tactically~*~*~ (stealth).
  2573 | D:3      | 2573 ||| Stepping ~*~*~tactically~*~*~ (stealth).
  2802 | D:3      | 2802 ||| Stepping ~*~*~tactically~*~*~ (stealth).
  3012 | D:4      | Identified the +10 short sword of the Feeding Saviour
                  | {flame, rC+}
  3013 | D:4      | 3013 ||| INVOKING Fiery Armour.
  3019 | D:4      | 3019 ||| Stepping ~*~*~tactically~*~*~ (outnumbered).
  3085 | D:4      | Noticed Pikel
  3090 | D:4      | 3090 ||| Stepping ~*~*~tactically~*~*~ (outnumbered).
  3103 | D:4      | Killed Pikel
  3104 | D:4      | Reached skill level 9 in Unarmed Combat
  3104 | D:4      | Reached XP level 7. HP: 55/66 MP: 4/7
  3273 | D:4      | 3273 ||| Stepping ~*~*~tactically~*~*~ (outnumbered).
  3274 | D:4      | 3274 ||| Stepping ~*~*~tactically~*~*~ (hiding).
  3275 | D:4      | 3275 ||| Stepping ~*~*~tactically~*~*~ (outnumbered).
  3276 | D:4      | 3276 ||| Stepping ~*~*~tactically~*~*~ (outnumbered).
  3277 | D:4      | 3277 ||| Stepping ~*~*~tactically~*~*~ (hiding).
  3286 | D:4      | Reached XP level 8. HP: 74/74 MP: 8/8
  3288 | D:4      | 3288 ||| Stepping ~*~*~tactically~*~*~ (stealth).
  3305 | D:4      | Found a white marble altar of Elyvilon.
  3317 | D:4      | 3317 ||| Stepping ~*~*~tactically~*~*~ (stealth).
  3326 | D:4      | 3326 ||| Stepping ~*~*~tactically~*~*~ (outnumbered).
  3392 | D:4      | Noticed Ijyb
  3393 | D:4      | Reached skill level 3 in Fighting
  3405 | D:4      | Killed Ijyb
  3505 | D:4      | 3505 ||| Stepping ~*~*~tactically~*~*~ (stealth).
  3679 | D:4      | 3679 ||| UPGRADING to ring of see invisible.
  3680 | D:4      | 3680 ||| READING scroll labelled ATUDOI UZOTSIT.
  3681 | D:4      | 3681 ||| READING 2 scrolls labelled FUSTRU WUITUOSM.
  3682 | D:4      | 3682 ||| DRINKING 2 ruby potions.
  3683 | D:4      | 3683 ||| DROPPING potion of brilliance.
  3716 | D:5      | Entered Level 5 of the Dungeon
  3732 | D:5      | Reached skill level 1 in Dodging
  3766 | D:5      | 3766 ||| Stepping ~*~*~tactically~*~*~ (hiding).
  3771 | D:5      | 3771 ||| DRINKING 2 potions of curing.
  3771 | D:5      | 3771 ||| (to cure confusion)
  3773 | D:5      | Found a runed translucent door.
  3774 | D:5      | Noticed qw's ghost (novice TeWr)
  3777 | D:5      | 3777 ||| INVOKING Fiery Armour.
  3823 | D:5      | Reached skill level 10 in Unarmed Combat
  3854 | D:5      | 3854 ||| Stepping ~*~*~tactically~*~*~ (stealth).
  3855 | D:5      | 3855 ||| FLEEEEING.
  3859 | D:5      | Noticed a two-headed ogre
  3861 | D:5      | Reached skill level 1 in Throwing
  3867 | D:5      | HP: 18/75 [two-headed ogre/+0 giant club (17)]
  3869 | D:5      | HP: 1/75 [two-headed ogre/+0 giant club (19)]
  3869 | D:5      | Demolished by a two-headed ogre

Levels and vault maps discovered:
D:1:      amcnicky_arrival_flooded_fountain, layout_basic
D:2:      minmay_skewed_foursquare, layout_loops_ring,
          shapermc_ecumenical_altar_ellora, minmay_misc_feat_iff,
          grunt_decor_arrowhead, roderic_three_in_a_row,
          minmay_randomly_rotated_circles
D:3:      layout_loops_cross, uniq_sigmund, uniq_robin
D:4:      layout_basic, kennysheep_little_box, uniq_ijyb, uniq_pikel
D:5:      minmay_thick_lines, layout_basic, temple_green, ebering_ghost_sewer_d

Skill      XL: |  1  2  3  4  5  6  7  8 |
---------------+-------------------------+-----
Unarmed Combat | 4 5 7 9 10 | 10.0
Fighting       | 3 |  3.0
Dodging        | 1 |  1.1
Throwing       | 1 |  1.6
Spellcasting   | |  1.0
Fire Magic     | |  2.1

Action                   |  1- 3 |  4- 6 |  7- 9 || total
-------------------------+-------+-------+-------++-------
Melee: Unarmed           |    96 |   110 |    85 ||   291
       Punch             |     1 |     7 |     2 ||    10
Throw: Boomerang         |       |    25 |    21 ||    46
Invok: Fiery Armour      |       |     3 |     1 ||     4
  Use: Scroll            |     4 |     5 |     2 ||    11
       Potion            |       |     1 |     2 ||     3
Armor: Robe              |    22 |    35 |    14 ||    71
Dodge: Dodged            |    48 |    26 |    27 ||   101

Table legend:
 A = Non-vault XP
 B = Vault XP
 C = Vault XP percentage of total XP
 D = Non-vault monster count
 E = Vault monster count
 F = Vault count percentage of total count
                 A         B        C        D         E       F
            +---------+---------+-------+---------+---------+-------
      Total |     767 |    1097 |  58.9 |      96 |      29 |  23.2
            +---------+---------+-------+---------+---------+-------
        D:1 |      40 |       0 |   0.0 |      23 |       0 |   0.0
        D:2 |      65 |     122 |  65.2 |      11 |      14 |  56.0
        D:3 |      75 |     273 |  78.4 |      20 |      12 |  37.5
        D:4 |     244 |     699 |  74.1 |      29 |       2 |   6.5
        D:5 |     343 |       3 |   0.9 |      13 |       1 |   7.1
            +---------+---------+-------+---------+---------+-------
